 Dungeon Crawl Stone Soup version 0.17.0-9-g801d43b (webtiles) character file.

6799 Rationalist the Nimble (level 10, -1/118 HPs)
             Began as a Demonspawn Berserker on Nov 10, 2015.
             Was a High Priest of Trog.
             Slain by greenpowa's ghost (13 damage)
             ... on level 9 of the Dungeon.
             The game lasted 00:16:15 (12204 turns).

Rationalist the Nimble (Demonspawn Berserker)      Turns: 12204, Time: 00:16:16

Health: -1/118     AC: 12    Str: 24    XL:     10   Next: 76%
Magic:  10/10      EV: 17    Int:  8    God:    Trog [*****.]
Gold:   412        SH:  0    Dex: 15    Spells: 0 memorised, 9 levels left

rFire  + . .     SeeInvis .     A - +4 hand axe (venom)
rCold  + . .     Clarity  .     O - +2 robe {rF+}
rNeg   . . .     SustAt   .     (no shield)
rPois  .         Gourm    .     (helmet unavailable)
rElec  .         Spirit   .     (no cloak)
rCorr  .         Warding  .     (no gloves)
rMut   .         Stasis   .     (no boots)
MR     .....                    (no amulet)
Stlth  ..........               (no ring)
                                s - +6 ring of protection

@: berserking, very quick, not resistant to hostile enchantments, extremely
unstealthy
A: horns 3, slimy green scales 1, cold resistance 1, spiny 1
a: Berserk, Trog's Hand, Brothers in Arms, Burn Spellbooks, Renounce Religion


You were on level 9 of the Dungeon.
You worshipped Trog.
Trog was extremely pleased with you.
You were not hungry.

You visited 1 branch of the dungeon, and saw 9 of its levels.
You also visited: Ossuary.

You collected 412 gold pieces.

Inventory:

Hand Weapons
 A - a +4 hand axe of venom (weapon)
Missiles
 d - 3 silver javelins (quivered)
 n - 91 sling bullets
 o - 99 bolts
 E - 19 poisoned needles
 P - 5 tomahawks
Armour
 O - a +2 robe of fire resistance (worn)
 Q - a troll hide
Jewellery
 a - an uncursed ring of flight {unknown}
 r - an uncursed amulet of guardian spirit {unknown}
 s - a +6 ring of protection (left hand)
 R - a cursed -6 ring of dexterity {unknown}
Wands
 b - a wand of slowing (21)
 t - a wand of slowing (48)
 w - a wand of disintegration (6)
 F - a wand of fire (11)
 H - a wand of slowing (30)
Scrolls
 f - 3 scrolls of immolation
 g - a scroll of fog {unknown}
 i - 4 scrolls of enchant armour
 k - a scroll of magic mapping {unknown}
 l - 2 scrolls of fear {unknown}
 m - 2 scrolls of amnesia {unknown}
 u - 2 scrolls of noise {unknown}
 x - 2 scrolls of recharging
 y - 3 scrolls of teleportation
 D - 2 scrolls of remove curse {unknown}
 L - a scroll of identify
Potions
 e - 4 potions of brilliance
 h - 4 potions of might
 j - a potion of resistance
 p - 2 potions of curing
 q - 2 potions of agility
 z - 3 potions of ambrosia
 G - a potion of cancellation {unknown}
 I - 2 potions of flight
 J - 2 potions of heal wounds {unknown}
 K - 2 potions of poison {unknown}
 M - a potion of lignification {unknown}
 N - a potion of degeneration {unknown}
Comestibles
 c - 11 bread rations
 B - 3 meat rations
 C - 7 slices of pizza


   Skills:
 + Level 7.6 Fighting
 + Level 7.9 Axes
 + Level 7.8 Armour
 + Level 8.7 Dodging
 + Level 2.3 Stealth


You had 9 spell levels left.
You didn't know any spells.

Dungeon Overview and Level Annotations

Branches:
Dungeon (9/15)             Temple (0/1) D:6
   Lair: D:8-11         Orc: D:9-12

Altars:
Ashenzari
Fedhas
Kikubaaqudgha
Makhleb
Nemelex Xobeh
Okawaru
Qazlal
Sif Muna
Trog
Zin

Shops:
D:4 %

Annotations:
D:9 greenpowa's ghost, novice TrMo


Innate Abilities, Weirdness & Mutations

You have a pair of large horns on your head.
You are partially covered in slimy green scales (AC +2).
Your flesh is cold resistant.
You are partially covered in sharp spines.


Message History

A giant frog comes into view.
The giant frog croaks.
You hit greenpowa's ghost. You headbutt greenpowa's ghost!
Greenpowa's ghost is moderately damaged.
Greenpowa's ghost is struck by your spines.
Greenpowa's ghost hits you!!
* * * LOW HITPOINT WARNING * * *
You slash greenpowa's ghost! Your headbutt misses greenpowa's ghost.
Greenpowa's ghost is heavily damaged.
Greenpowa's ghost misses you.
You closely miss greenpowa's ghost.
Greenpowa's ghost is heavily damaged.
You barely miss the giant frog. You barely miss greenpowa's ghost.
You headbutt greenpowa's ghost.
Greenpowa's ghost is heavily damaged.
You slash the giant frog!
The giant frog is poisoned.
The giant frog is heavily wounded.
The giant frog is struck by your spines.
The giant frog barely misses you. Greenpowa's ghost hits you!
You die...

.########..#
...........#
..#######.## .## #.#
..# #.# #.#######)#
#.........#
#..<#####[###########
#...# #.......@W..#
#...# ######.#F##(#
#...# #.#.#
#...###### .<#..
#......... #######
##..###### ##........
...####### ####


You could see a giant frog and greenpowa's ghost.

Vanquished Creatures
  Erica (D:9)
  A troll (D:9)
  The ghost of Rationalist the Skirmisher, an amateur DsBe of Trog (D:4)
  A trapdoor spider zombie (D:7)
  A two-headed ogre (D:9)
  A hippogriff (D:8)
  A deep elf mage (D:8)
  A human (D:7)
  A black bear (D:9)
  An ice beast (D:9)
  4 orc warriors
  A phantom (D:5)
  3 sky beasts
  8 ogres
  8 centaurs
  2 giant frogs (D:8)
  A gnoll sergeant (D:7)
  A scorpion (D:5)
  A wyvern skeleton (D:7)
  3 wights (D:6)
  4 killer bees (D:9)
  3 bog bodies (Ossuary)
  A quasit (D:8)
  4 giant frog zombies
  6 crimson imps
  5 hounds
  5 centaur zombies
  A jelly (D:5)
  A gnoll shaman (D:6)
  8 orc priests
  An iguana (D:8)
  5 orc wizards
  A killer bee zombie (Ossuary)
  4 worker ants
  4 sheep (D:7)
  4 hound zombies
  9 mummies
  2 hound skeletons
  4 worker ant zombies
  8 adders
  17 gnolls
  4 adder zombies (Ossuary)
  4 oozes
  3 adder skeletons
  5 worms
  7 giant geckos
  37 orcs
  4 bats
  6 giant cockroaches
  7 goblins
  5 hobgoblins
  11 kobolds
  6 quokkas
  4 ball pythons
  A giant cockroach zombie (Ossuary)
  2 giant gecko zombies (Ossuary)
  6 giant newts
  11 jackals
  A jackal zombie (D:7)
  A quokka zombie (Ossuary)
  4 rats
268 creatures vanquished.

Vanquished Creatures (others)
  An orc (D:8)
  4 plants (Ossuary)
5 creatures vanquished.

Grand Total: 273 creatures vanquished

Notes
Turn   | Place    | Note
--------------------------------------------------------------
     0 | D:1      | Rationalist the Demonspawn Berserker began the quest for the Orb.
     0 | D:1      | Reached XP level 1. HP: 18/18 MP: 1/1
   554 | D:1      | Gained mutation: You are partially covered in slimy green scales (AC +2). [demonic ancestry]
   554 | D:1      | Reached XP level 2. HP: 12/24 MP: 2/2
  1874 | D:1      | Gained mutation: You are partially covered in sharp spines. [demonic ancestry]
  1874 | D:1      | Reached XP level 3. HP: 2/29 MP: 3/3
  2874 | D:2      | Reached ** piety under Trog
  3765 | D:3      | Gained mutation: You have a pair of small horns on your head. [demonic ancestry]
  3765 | D:3      | Reached XP level 4. HP: 37/37 MP: 4/4
  3859 | D:3      | Reached skill level 4 in Fighting
  3867 | D:3      | Reached *** piety under Trog
  4063 | D:3      | Reached XP level 5. HP: 40/42 MP: 5/5
  4480 | D:4      | Reached skill level 1 in Stealth
  4608 | D:4      | Gained mutation: You have a pair of horns on your head. [demonic ancestry]
  4608 | D:4      | Reached XP level 6. HP: 42/48 MP: 6/6
  4653 | D:4      | Noticed Rationalist's ghost (amateur DsBe)
  4678 | D:4      | Killed Rationalist's ghost
  4925 | D:4      | Found a stormy altar of Qazlal.
  5022 | D:4      | Found Veixavay's Food Shop.
  5275 | D:4      | Found a deep blue altar of Sif Muna.
  5305 | D:5      | Entered Level 5 of the Dungeon
  5311 | D:5      | Gained mutation: Your flesh is cold resistant. [demonic ancestry]
  5311 | D:5      | Reached XP level 7. HP: 55/55 MP: 7/7
  5543 | D:5      | Reached **** piety under Trog
  5551 | D:5      | Found a bloodstained altar of Trog.
  5914 | D:5      | Reached skill level 5 in Fighting
  5914 | D:5      | Reached skill level 5 in Dodging
  5952 | D:5      | Found a blossoming altar of Fedhas.
  5964 | D:5      | Found a glowing silver altar of Zin.
  5965 | D:5      | Found an ancient bone altar of Kikubaaqudgha.
  5986 | D:5      | Found an iron altar of Okawaru.
  5990 | D:5      | Found a sparkling altar of Nemelex Xobeh.
  6360 | D:5      | Reached skill level 5 in Axes
  6434 | D:5      | Reached XP level 8. HP: 43/62 MP: 8/8
  7844 | D:6      | Reached skill level 6 in Dodging
  8186 | D:6      | Reached skill level 5 in Armour
  8225 | D:6      | Found a staircase to the Ecumenical Temple.
  8286 | D:6      | Found a burning altar of Makhleb.
  8604 | D:7      | Gained mutation: You have a pair of large horns on your head. [demonic ancestry]
  8604 | D:7      | Reached XP level 9. HP: 46/69 MP: 9/9
  8929 | D:7      | Reached skill level 7 in Dodging
 10550 | D:8      | Reached XP level 10. HP: 59/77 MP: 10/10
 10607 | D:8      | Reached ***** piety under Trog
 10823 | D:8      | Found a sand-covered staircase.
 10839 | Ossuary  | Entered an ossuary
 10966 | Ossuary  | Reached skill level 8 in Dodging
 11785 | D:9      | Found a shattered altar of Ashenzari.
 12155 | D:9      | Noticed Erica
 12168 | D:9      | Killed Erica
 12192 | D:9      | Noticed greenpowa's ghost (novice TrMo)
 12204 | D:9      | Slain by greenpowa's ghost

Action                   |  1- 3 |  4- 6 |  7- 9 | 10-12 || total
-------------------------+-------+-------+-------+-------++-------
Melee: Hand axe          |    96 |   107 |   248 |   193 ||   644
Invok: Berserk           |     1 |     2 |     1 |     1 ||     5
       Trog's Hand       |       |       |     1 |       ||     1
  Use: Scroll            |       |     3 |    13 |       ||    16
       Potion            |       |       |     1 |       ||     1
  Eat: Chunk             |     9 |     8 |     9 |     3 ||    29
       Beef jerky        |       |       |     2 |     3 ||     5
       Fruit             |       |       |     8 |       ||     8
